 Dungeon Crawl Stone Soup version 0.31-a0-1589-g8f5e8aebd6 (webtiles) character file.

Game seed: 1304520344105902664

12737 Newt the Spear-Bearer (level 11, 0/71 HPs)
             Began as a Merfolk Gladiator on Jan 5, 2024.
             Was a Priest of Hepliaklqana.
             Slain by Fannar
             ... wielding a +0 quarterstaff of freezing
              (25 damage)
             ... on level 12 of the Dungeon.
             The game lasted 00:20:52 (11789 turns).

Newt the Spear-Bearer (Merfolk Gladiator)          Turns: 11789, Time: 00:20:52

Health: 0/71       AC: 11    Str: 16    XL:     11   Next: 98%
Magic:  19/23      EV: 15    Int: 17    God:    Hepliaklqana [***...]
Gold:   848        SH:  0    Dex: 15    Spells: 19/26 levels left

rFire   . . .        a - +1 trident
rCold   . . .        (no shield)
rNeg    . . .        J - +1 troll leather armour
rPois   .            c - +1 helmet
rElec   .            (no cloak)
rCorr   .            (no gloves)
SInv    .            A - +0 pair of boots
Will    .....        y - amulet of the acrobat
Stlth   +++          k - +6 ring of intelligence
HPRegen 1.11/turn    o - +4 ring of protection
MPRegen 0.18/turn

%: acrobat
@: no status effects
A: reduced essence, (nimble swimmer 2), mertail
a: Renounce Religion, Recall Ancestor, Ancestor Identity, Transference


You were on level 12 of the Dungeon.
You worshipped Hepliaklqana.
Hepliaklqana was most pleased with you.
You visited 2 branches of the dungeon, and saw 13 of its levels.

You collected 1079 gold pieces.
You spent 231 gold pieces at shops.

Inventory:

Hand Weapons
 a - a +1 trident (weapon)
Missiles
 d - 3 throwing nets
 e - 4 javelins
Armour
 b - a +0 leather armour
 c - a +1 helmet (worn)
 p - a +0 scale mail of fire resistance
 v - a +1 leather armour of fire resistance
 A - a +0 pair of boots (worn)
 D - a +1 leather armour of cold resistance
 E - a +1 leather armour of fire resistance
 J - a +1 troll leather armour (worn)
 R - a +2 tower shield
Jewellery
 f - a ring of protection from cold
 k - a +6 ring of intelligence (left hand)
 l - a ring of magical power
 o - a +4 ring of protection (right hand)
 x - a ring of resist corrosion
 y - an amulet of the acrobat (around neck)
 F - an amulet of guardian spirit
 L - a ring of willpower
 M - a ring of ice
Wands
 u - a wand of paralysis (2)
 w - a wand of roots (8)
 B - a wand of mindburst (17)
 K - a wand of digging (7)
Scrolls
 g - a scroll of torment
 h - 7 scrolls of amnesia
 n - 3 scrolls of immolation
 t - a scroll of vulnerability
 z - 2 scrolls of enchant weapon
 I - 2 scrolls of summoning
 O - a scroll of revelation
 P - a scroll of enchant armour
 Q - a scroll of identify
Potions
 i - a potion of mutation
 j - a potion of attraction
 m - 3 potions of heal wounds
 q - a potion of invisibility
 r - a potion of berserk rage
 s - a potion of brilliance
 H - a potion of haste
 N - a potion of cancellation


   Skills:
 - Level 5.0 Fighting
 + Level 11.5 Polearms
 - Level 2.0 Throwing
 - Level 7.0 Dodging
 - Level 5.0 Stealth
 - Level 8.1 Spellcasting
 - Level 8.9 Summonings
 - Level 5.6 Ice Magic
 - Level 5.5 Earth Magic


You had 19 spell levels left.
You knew the following spells:

 Your Spells              Type           Power      Damage    Failure   Level
a - Summon Ice Beast      Ice/Summ       31%        N/A       1%          3
b - Animate Armour        Summ/Erth      62%        N/A       6%          4

Your spell library contained the following spells:

 Spells                   Type           Power      Damage    Failure   Level
 Passwall                 Erth           25%        N/A       3%          3
 Ensorcelled Hibernation  Hex/Ice        32%        N/A       6%          2
 Apportation              Tloc           12%        N/A       13%         1
 Kiss of Death            Conj/Necr      24%        2d7       13%         1
 Jinxbite                 Hex            12%        N/A       19%         2
 Summon Lightning Spire   Summ/Air       22%        N/A       21%         4
 Lee's Rapid Deconstruct  Erth           12%        3d9*      34%         5
 Confusing Touch          Hex            6%         N/A       36%         3
 Inner Flame              Hex/Fire       6%         N/A       36%         3
 Swiftness                Air            6%         N/A       36%         3
 Summon Mana Viper        Hex/Summ       22%        N/A       50%         5
 Dispel Undead            Necr           6%         3d8       77%         4
 Monstrous Menagerie      Summ           18%        N/A       95%         7
 Alistair's Intoxication  Alch           4%         N/A       98%         5
 Irradiate                Conj/Alch      3%         3d12      98%         5
 Ignition                 Fire           3%         3d4       100%        8
 Chain Lightning          Conj/Air       3%         3d4       100%        9
 Fire Storm               Conj/Fire      3%         8d1       100%        9
 Shatter                  Erth           12%        3d13*     100%        9


Dungeon Overview and Level Annotations

Branches:
Dungeon (12/15)            Temple (1/1) D:6            Lair (0/5) D:10
    Orc: D:9-12

Altars:
Ashenzari
Cheibriados
Dithmenos
Elyvilon
Fedhas
Gozag
Hepliaklqana
Kikubaaqudgha
Makhleb
Nemelex Xobeh
Okawaru
Qazlal
Ru
Sif Muna
Trog
Uskayaw
Vehumet
Wu Jian
Xom
Yredelemnul
Zin
The Shining One

Shops:
D:11 [

Annotations:
D:12 Fannar


Innate Abilities, Weirdness & Mutations

Your life essence is reduced to manifest your ancestor. (-10% HP)
((You are very nimble when in or above water. (Stealth+, EV+, Speed+++)))
Your lower body shifts to a powerful aquatic tail in water.


Message History

Aim: Fannar, wielding a +0 quarterstaff of freezing, wearing a +2 robe of cold resistance and wearing a ring of ice (heavily wounded, not watching you, ally target, about 49% to evade your +1 trident)
You reach to attack!
You strike the helpless Fannar from behind!
You puncture Fannar!
Fannar is severely wounded.
Your animated troll leather armour hits the ice beast.
Your animated troll leather armour hits the ice beast!
Reach: a) +1 trident
Press: ? - help, Dir - move target, f/p - Fannar
Aim: Fannar, wielding a +0 quarterstaff of freezing, wearing a +2 robe of cold resistance and wearing a ring of ice (severely wounded, ally target, about 49% to evade your +1 trident)
You reach to attack!
You barely miss Fannar.
Fannar is severely wounded.
Fannar hits Yamquzzuhalamma with a +0 quarterstaff of freezing.
Fannar freezes Yamquzzuhalamma.
The ice beast hits your animated troll leather armour but does no damage.
Your ice beast hits Fannar.
Your ice beast freezes Fannar.
Fannar resists.
Your animated troll leather armour hits the ice beast but does no damage.
Your animated troll leather armour barely misses the ice beast.
Yamquzzuhalamma hits Fannar with a +0 flail.
Unknown command.
Reach: a) +1 trident
Press: ? - help, Dir - move target, f/p - Fannar
Aim: Fannar, wielding a +0 quarterstaff of freezing, wearing a +2 robe of cold resistance and wearing a ring of ice (severely wounded, not watching you, ally target, about 49% to evade your +1 trident)
You reach to attack!
You barely miss Fannar.
Fannar is severely wounded.
Yamquzzuhalamma blocks Fannar's attack.
The ice beast hits your animated troll leather armour but does no damage.
Your ice beast closely misses Fannar.
Your animated troll leather armour hits the ice beast.
The ice beast dies!
The ice beast disappears in a puff of smoke!
Reach: a) +1 trident
Press: ? - help, Dir - move target, f/p - Fannar
Aim: Fannar, wielding a +0 quarterstaff of freezing, wearing a +2 robe of cold resistance and wearing a ring of ice (severely wounded, ally target, about 49% to evade your +1 trident)
You reach to attack!
You closely miss Fannar.
Fannar is severely wounded.
Yamquzzuhalamma completely misses Fannar.
Fannar casts a spell.
Fannar drains the heat from the surrounding environment!
You die...

.................
###################......
.........................
.........................
.........................
.........................
.....§...................
......[..$...............
.....YeR@................
.........................
##.#################.....
.. #................. .
#.................
#.................
#.................
#.†...............
#.................


You could see the friendly Yamquzzuhalamma the knight, Fannar (ally target), a
friendly animated troll leather armour (summoned) and a friendly ice beast
(summoned).

Vanquished Creatures
  A boulder beetle (D:11)
  Joseph (D:8)
  A cyclops (D:12)
  An ice statue (D:8)
  A gargoyle (D:10)
  3 wyverns
  A vampire (D:5)
  7 yaks
  A basilisk (D:11)
  A vampire mosquito (D:10)
  Edmund (D:4)
  4 water moccasins
  An acid dragon (D:12)
  2 sky beasts (D:8)
  An ice beast (D:7)
  3 orc warriors
  A black bear (D:7)
  An ogre (D:6)
  4 centaurs (D:6)
  A phantom (D:6)
  6 kobold brigands
  4 bullfrogs
  A scorpion (D:6)
  3 wights (D:10)
  2 killer bees (D:9)
  4 crimson imps (D:8)
  A bombardier beetle (D:6)
  2 gnoll boudas
  5 orc priests
  2 hounds
  An iguana (D:6)
  7 orc wizards
  Robin (D:4)
  6 adders
  9 gnolls
  A shadow imp (D:6)
  A white imp (D:6)
  A dart slug (D:2)
  2 ribbon worms
  26 orcs
  5 ball pythons
  5 bats
  6 endoplasms
  7 giant cockroaches
  16 goblins
  4 hobgoblins
  3 jackals (D:2)
  4 quokkas
  6 frilled lizards
  34 kobolds
  7 rats
219 creatures vanquished.

Vanquished Creatures (collateral kills)
  Erica (D:10)
  The ghost of mooti9 the Thaumaturge, a novice OnAE of Qazlal (D:6)
  A skeletal warrior (D:10)
  An ugly thing (D:12)
  A manticore (D:12)
  A troll (D:9)
  A shadow (D:12)
  A wyvern (D:8)
  4 yaks
  A steam dragon (D:9)
  3 vampire mosquitoes (D:10)
  2 water moccasins (D:10)
  An ice beast (D:7)
  An orc warrior (D:8)
  A black bear (D:10)
  A phantom (D:7)
  2 kobold brigands
  A bullfrog (D:10)
  A scorpion (D:10)
  A gnoll sergeant (D:12)
  2 killer bees (D:9)
  A howler monkey (D:11)
  3 crimson imps (D:8)
  2 orc priests
  2 orc wizards
  2 gnolls
  2 shadow imps (D:8)
  3 orcs
  9 kobolds
53 creatures vanquished.

Vanquished Creatures (others)
  4 knights
  6 ancestors
10 creatures vanquished.

Grand Total: 282 creatures vanquished

Notes
Turn   | Place    | Note
-------+----------+-------------------------------------------
     0 | D:1      | Newt the Merfolk Gladiator began the quest for the Orb.
     0 | D:1      | Reached XP level 1. HP: 16/16 MP: 1/1
    79 | D:1      | Reached XP level 2. HP: 23/23 MP: 2/2
   250 | D:1      | Reached XP level 3. HP: 30/30 MP: 3/3
  1401 | D:3      | Reached XP level 4. HP: 36/38 MP: 4/4
  1719 | D:3      | Reached skill level 5 in Fighting
  2758 | D:4      | Noticed Robin
  2786 | D:4      | Killed Robin
  2787 | D:4      | Reached skill level 5 in Polearms
  2787 | D:4      | Reached XP level 5. HP: 43/44 MP: 5/5
  3002 | D:4      | Reached skill level 6 in Polearms
  3285 | D:4      | Noticed Edmund
  3306 | D:4      | Killed Edmund
  3307 | D:4      | Reached skill level 7 in Polearms
  3307 | D:4      | Reached XP level 6. HP: 17/51 MP: 6/6
  3581 | D:5      | Entered Level 5 of the Dungeon
  3611 | D:5      | Identified the +7 rapier of the Lachrymose God {chaos,
                  | Str+3 Dex+3}
  3690 | D:5      | Found a large runed translucent door.
  3690 | D:5      | Found a large runed translucent door.
  3691 | D:5      | Found a shimmering altar of Xom.
  3810 | D:5      | Noticed a vampire
  3829 | D:5      | Reached skill level 8 in Polearms
  3830 | D:5      | Killed a vampire
  3831 | D:5      | Reached skill level 9 in Polearms
  3831 | D:5      | Reached XP level 7. HP: 49/56 MP: 7/7
  4492 | D:5      | Reached skill level 5 in Dodging
  4899 | D:6      | Reached skill level 1 in Stealth
  4907 | D:6      | Reached XP level 8. HP: 49/62 MP: 8/8
  4963 | D:6      | Found a runed translucent door.
  4963 | D:6      | Noticed mooti9's ghost (novice OnAE)
  4990 | D:6      | Found a staircase to the Ecumenical Temple.
  5032 | Temple   | Entered the Ecumenical Temple
  5051 | Temple   | Became a worshipper of Hepliaklqana the Forgotten
  5134 | D:6      | Reached skill level 5 in Stealth
  5269 | D:6      | Reached skill level 1 in Ice Magic
  5273 | D:6      | Reached skill level 1 in Spellcasting
  5273 | D:6      | Reached skill level 1 in Summonings
  5840 | D:6      | Reached XP level 9. HP: 63/68 MP: 12/12
  6027 | D:6      | Reached * piety under Hepliaklqana
  6066 | D:6      | Learned a level 3 spell: Summon Ice Beast
  6081 | D:6      | Killed mooti9's ghost
  6489 | D:7      | Reached skill level 5 in Ice Magic
  6935 | D:8      | Noticed Joseph
  6948 | D:8      | Reached skill level 5 in Summonings
  6958 | D:8      | Reached skill level 5 in Spellcasting
  6969 | D:8      | Reached XP level 10. HP: 55/66 MP: 10/17
  7093 | D:8      | HP: 2/66 [Joseph/sling bullet (10)]
  7312 | D:8      | Killed Joseph
  7616 | D:8      | Found an iron altar of Okawaru.
  7617 | D:8      | Found a radiant altar of Vehumet.
  8276 | D:8      | Noticed an ice statue
  8756 | D:8      | Killed an ice statue
  9371 | D:9      | Identified a scroll of acquirement
  9371 | D:9      | Acquired 564 gold pieces
  9441 | D:9      | Reached XP level 11. HP: 70/71 MP: 19/22
  9593 | D:9      | Reached ** piety under Hepliaklqana
  9594 | D:9      | Remembered your ancestor Yamquzzuhalamma as a knight
 10042 | D:9      | Learned a level 4 spell: Animate Armour
 10232 | D:10     | Entered Level 10 of the Dungeon
 10245 | D:10     | Noticed Erica
 10255 | D:10     | Killed Erica
 10402 | D:10     | Found a staircase to the Lair.
 10465 | D:10     | Identified the +0 chain mail of Vebbaitiur {rC+ Dex+4}
 10846 | D:11     | Noticed a skeletal warrior
 10846 | D:11     | Noticed a skeletal warrior
 10846 | D:11     | Noticed a skeletal warrior
 10846 | D:11     | Noticed a skeletal warrior
 10873 | D:10     | Killed a skeletal warrior
 10874 | D:10     | Reached skill level 5 in Earth Magic
 11021 | D:11     | Found Rokh's Armour Shop.
 11024 | D:11     | Reached *** piety under Hepliaklqana
 11029 | D:11     | Bought a +2 tower shield for 231 gold pieces
 11034 | D:11     | Noticed a boulder beetle
 11088 | D:11     | Killed a boulder beetle
 11103 | D:11     | Reached skill level 10 in Polearms
 11202 | D:12     | Noticed a cyclops
 11202 | D:12     | Noticed a cyclops
 11538 | D:12     | Identified the staff of Divine Valour {rElec rN++ Earth}
 11544 | D:12     | Noticed a manticore
 11559 | D:12     | Killed a manticore
 11611 | D:12     | Noticed a cyan ugly thing
 11622 | D:12     | Killed a brown ugly thing
 11623 | D:12     | Reached skill level 11 in Polearms
 11676 | D:12     | Killed a cyclops
 11759 | D:12     | Noticed Fannar
 11789 | D:12     | Slain by Fannar

Illustrated notes

Levels and vault maps discovered:
D:1:      saegor_arrival_simple_b, layout_basic
D:2:      layout_loops_ring, kennysheep_generic_room_16
D:3:      layout_loops_corners
D:4:      layout_basic, uniq_robin, uniq_edmund
D:5:      due_chaos_kobolds, layout_basic
D:6:      layout_basic, minmay_temple_entry_stoned_glass, gammafunk_ghost_grave,
          minmay_checkerbox
D:7:      layout_cave_pools, bh_walls_and_bars
D:8:      lemuel_ice_statue, layout_loops_ring,
          chequers_temple_overflow_statue_of_worship, minmay_nine_imps,
          uniq_joseph
D:9:      layout_big_octagon
D:10:     layout_rooms, due_lair_maze_entry_diamond, uniq_erica
D:11:     layout_small_grid, hiddenorc1_lemuel, nicolae_trove_entry_crystal,
          serial_shops, shop
D:12:     layout_grid_maze, uniq_fannar, uniq_rupert, uniq_snorg
Temple:   nicolae_temple_slightly_damp_pantheon

Skill      XL: |  1  2  3  4  5  6  7  8  9 10 11 |
---------------+----------------------------------+-----
Fighting       | 3 4 5 |  5.0
Polearms       | 5 7 9 11 | 11.5
Dodging        | 7 |  7.0
Stealth        | 2 5 |  5.0
Ice Magic      | 3 5 |  5.6
Spellcasting   | 2 5 7 8 |  8.1
Summonings     | 2 5 8 |  8.9
Earth Magic    | 5 |  5.5
Throwing       | |  2.0

Action                     |  1- 3 |  4- 6 |  7- 9 | 10-12 || total
---------------------------+-------+-------+-------+-------++-------
  Melee: Trident           |   148 |   201 |   261 |   533 ||  1143
         Punch             |     2 |     3 |     2 |     4 ||    11
  Throw: Throwing net      |       |     3 |     1 |       ||     4
   Cast: Summon Ice Beast  |       |       |     4 |    30 ||    34
         Animate Armour    |       |       |       |    16 ||    16
 Invoke: Recall Ancestor   |       |       |       |     2 ||     2
         Ancestor Life: Kn |       |       |       |     1 ||     1
  Evoke: Wand              |       |     7 |     6 |    24 ||    37
    Use: Scroll            |     3 |     5 |     7 |    10 ||    25
         Potion            |       |       |     2 |     2 ||     4
   Stab: Sleeping          |     1 |     4 |     3 |     5 ||    13
         Held in net/web   |       |     1 |       |       ||     1
         Paralysed         |       |       |     2 |       ||     2
         Distracted        |       |       |     1 |    14 ||    15
 Armour: Leather armour    |    70 |    96 |   139 |   124 ||   429
         Troll leather arm |       |       |       |   121 ||   121
  Dodge: Dodged            |    85 |   123 |   142 |   246 ||   596

Table legend: (Time is in decaauts)
 A = Elapsed time spent in this place.
 B = Non-inter-level travel time spent in this place.
 C = Inter-level travel time spent in this place.
 D = Time resting spent in this place.
 E = Time spent auto-exploring this place.
 F = Levels seen in this place.
 G = Mean time per level.
                   A        B        C        D        E       F      G
               +--------+--------+--------+--------+--------+-----+--------+
         Total |  11698 |  11301 |    397 |   2629 |   6408 |  13 |  899.8 |
       Dungeon |  11660 |  11301 |    359 |   2629 |   6408 |  12 |  971.7 |
        Temple |     38 |      1 |     37 |      0 |      0 |   1 |   38.0 |
               +--------+--------+--------+--------+--------+-----+--------+

Top non-repeatable levels by time:
     D:8: 2050 daAuts
     D:6: 1408 daAuts
     D:4: 1291 daAuts
     D:5: 1183 daAuts
     D:3: 1052 daAuts
     D:9: 929 daAuts
     D:2: 905 daAuts
     D:7: 874 daAuts
    D:10: 702 daAuts
    D:12: 570 daAuts
     D:1: 445 daAuts
    D:11: 248 daAuts
  Temple: 38 daAuts
